 Dungeon Crawl Stone Soup version 0.21.0-30-g47ce8e4cbb (webtiles) character file.

150 GuyWithAPlan the Poker (level 5, -6/49 HPs)
             Began as a Naga Monk on Jan 28, 2018.
             Mangled by a gnoll
             ... wielding a +0 halberd
              (18 damage)
             ... on level 3 of the Dungeon.
             The game lasted 00:04:59 (2125 turns).

GuyWithAPlan the Poker (Naga Monk)                  Turns: 2125, Time: 00:05:00

Health: -6/49      AC:  2    Str: 14    XL:     5   Next: 32%
Magic:  5/5        EV: 10    Int: 11    God:
Gold:   38         SH:  0    Dex: 13    Spells: 4/4 levels left

rFire    . . .     SeeInvis +   f - +0 trident (distort)
rCold    . . .     Gourm    .   (no shield)
rNeg     . . .     Faith    .   b - +0 robe
rPois    +         Spirit   .   (no helmet)
rElec    .         Reflect  .   (no cloak)
rCorr    .         Harm     .   (no gloves)
MR       .....                  (no barding)
Stlth    ++........             (no amulet)
HPRegen  0.16/turn              (no ring)
MPRegen  0.09/turn              (no ring)

@: about to teleport, very slow
A: large, see invisible, deformed body, poison resistance, slowness 2, slow
metabolism 1, spit poison 1, AC +1
a: Spit Poison


You were on level 3 of the Dungeon.
You were not hungry.

You visited 1 branch of the dungeon, and saw 3 of its levels.

You collected 38 gold pieces.

Inventory:

Hand Weapons
 a - a +0 spear
 f - a +0 trident of distortion (weapon)
Armour
 b - a +0 robe (worn)
Scrolls
 g - 6 scrolls of identify {unknown}
 h - 2 scrolls of remove curse {unknown}
 i - 2 scrolls of enchant weapon {unknown}
Potions
 e - a potion of flight {unknown}
 j - a potion of cancellation {unknown}
 k - a potion of curing {unknown}
 l - a potion of heal wounds {unknown}
Comestibles
 c - 3 rations
 m - a chunk of flesh


   Skills:
 - Level 3.0 Fighting
 + Level 5.8 Polearms
 - Level 2.4 Dodging
 - Level 3.0 Stealth


You had 4 spell levels left.
You didn't know any spells.

Dungeon Overview and Level Annotations

Branches:
Dungeon (3/15)

Altars:

Annotations:
Abyss:1 Crazy Yiuf


Innate Abilities, Weirdness & Mutations

You cannot wear boots.
Your serpentine skin is tough. (AC +1)
You have supernaturally acute eyesight. (SInv)
Armour fits poorly on your strangely shaped body.
Your system is resistant to poisons. (rPois)
You cover ground very slowly.
You have a slow metabolism.
You can spit poison.


Message History

Attack whom?
Press: ? - help, Dir - move target cursor, f - quokka
Aim: a quokka (translocational energy)
You reach to attack!
You hit the quokka but do no damage.
The quokka disappears!
The gnoll hits you.
Attack whom?
Press: ? - help, Dir - move target cursor, f - gnoll
Aim: a gnoll, wielding a spear The gnoll is in the way.
You closely miss the gnoll. The gnoll completely misses you.
The gnoll hits you from afar with a spear.
The gnoll hits you.
* * * LOW HITPOINT WARNING * * *
The gnoll hits you from afar with a spear.
* * * LOW HITPOINT WARNING * * *
As you read the scroll labeled NOGIXTECHA, it crumbles to dust.
You feel strangely unstable.
It was a scroll of teleportation.
The gnoll barely misses you. The gnoll closely misses you.
The gnoll hits you from afar with a halberd!!
You die...

...............
.......>>$.....
......w......#
#.......gg...#
#..####.#
###.......#
####.w†...####
#######gg)g#.#...#
#....@gg####.###.#
##.####### #.# ...
#..# #.# #.# #[##
#.# .# #.# #.# #
###.# #.# #...#
..# #. #.###
#.##.#


You could see 5 gnolls and a dart slug.

Vanquished Creatures
  5 gnolls
  2 adders (D:2)
  2 worms
  3 dart slugs
  A leopard gecko (D:1)
  3 orcs (D:3)
  2 giant cockroaches (D:1)
  5 goblins
  6 hobgoblins (D:1)
  2 kobolds (D:2)
  A quokka (D:1)
  5 bats
  5 frilled lizards
  6 rats
48 creatures vanquished.

Notes
Turn   | Place    | Note
-------+----------+-------------------------------------------
     0 | D:1      | GuyWithAPlan the Naga Monk began the quest for the Orb.
     0 | D:1      | Reached XP level 1. HP: 21/21 MP: 1/1
   134 | D:1      | Reached XP level 2. HP: 24/28 MP: 2/2
   545 | D:1      | Reached skill level 4 in Polearms
   623 | D:1      | Reached XP level 3. HP: 28/34 MP: 3/3
  1367 | D:2      | Found a runed door.
  1411 | D:2      | Reached XP level 4. HP: 42/42 MP: 4/4
  1426 | D:2      | Reached skill level 5 in Polearms
  1809 | D:2      | Noticed Crazy Yiuf
  1818 | D:2      | Banished Crazy Yiuf
  1818 | D:2      | Reached XP level 5. HP: 33/49 MP: 5/5
  2125 | D:3      | Mangled by a gnoll

Skill      XL: |  1  2  3  4 |
---------------+-------------+-----
Polearms       | 4 5 |  5.8
Fighting       | |  3.0
Dodging        | |  2.4
Stealth        | |  3.0

Action                   |  1- 3 |  4- 6 || total
-------------------------+-------+-------++-------
Melee: Spear             |    54 |       ||    54
       Trident           |     4 |    53 ||    57
 Abil: Spit Poison       |    26 |     7 ||    33
  Use: Scroll            |       |     1 ||     1
 Stab: Distracted        |     2 |       ||     2
       Sleeping          |     1 |       ||     1
  Eat: Chunk             |     2 |     3 ||     5
Armor: Robe              |    10 |     5 ||    15
Dodge: Dodged            |    28 |    19 ||    47
